APP
WASHINGTON (APP) NATIONALS @ SAN DIEGO (APP) PADRES
07/11/2044
 
TOP OF THE 1ST
Washington (APP) Nationals batting - Pitching for San Diego (APP) Padres : LHP Ryan Tatum
Pitching: LHP Ryan Tatum
Batting: RHB Jim Miske 0-0: DOUBLE (Line Drive, 78D, EV 109.4 MPH)
Batting: RHB Naofumi Ishida 0-0: Swinging Strike
0-1: Ball
1-1: Swinging Strike
1-2: Ball
2-2: Foul Ball, location: 2F
2-2: DOUBLE (Line Drive, 7LS, EV 107.5 MPH)
Jim Miske scores
Batting: RHB Jon Buscher 0-0: Ball
1-0: Foul Ball, location: 2F
1-1: Ball
2-1: Hit by Pitch
Batting: RHB Steve Bauman 0-0: Foul Ball, location: 2F
0-1: Called Strike
0-2: Foul Ball, location: 2F
0-2: Ball
1-2: Fly out, F3 (Flyball, 3D, EV 85.6 MPH)
Batting: RHB Jesus Malave 0-0: Ball
1-0: Swinging Strike
1-1: Swinging Strike
1-2: Fly out, F6 (Flyball, 56D, EV 90.6 MPH)
Batting: RHB Nick Moreno 0-0: Fly out, F7 (Line Drive, 7D, EV 91.3 MPH)
Top of the 1st over - 1 run, 2 hits, 0 errors, 2 left on base; Washington (APP) 1 - San Diego (APP) 0
BOTTOM OF THE 1ST
San Diego (APP) Padres batting - Pitching for Washington (APP) Nationals : RHP Gary Simmons
Pitching: RHP Gary Simmons
Batting: SHB Yutaro Takahashi 0-0: Called Strike
0-1: Fly out, F8 (Flyball, 8RD, EV 103.8 MPH)
Batting: RHB Freddie Brown 0-0: Called Strike
0-1: Ball
1-1: Swinging Strike
1-2: Ball
2-2: Fly out, F8 (Flyball, 78D, EV 91.3 MPH)
Batting: RHB Antonio Lara 0-0: Foul Ball, location: 2F
0-1: Called Strike
0-2: Foul Ball, location: 2F
0-2: Ball
1-2: Strikes out swinging
Bottom of the 1st over - 0 runs, 0 hits, 0 errors, 0 left on base; Washington (APP) 1 - San Diego (APP) 0
TOP OF THE 2ND
Washington (APP) Nationals batting - Pitching for San Diego (APP) Padres : LHP Ryan Tatum
Batting: RHB Gabe Almazan 0-0: Foul Ball, location: 2F
0-1: Ball
1-1: Ball
2-1: Swinging Strike
2-2: Strikes out swinging
Batting: RHB Alex Blanco 0-0: Ball
1-0: Called Strike
1-1: Foul Ball, location: 2F
1-2: Foul Ball, location: 2F
1-2: Fly out, F7 (Flyball, 7LM, EV 90.0 MPH)
Batting: RHB Brian Walker 0-0: Ball
1-0: Called Strike
1-1: DOUBLE (Line Drive, 9LM, EV 105.0 MPH) - OUT at third base trying to stretch hit.
Top of the 2nd over - 0 runs, 1 hit, 0 errors, 0 left on base; Washington (APP) 1 - San Diego (APP) 0
BOTTOM OF THE 2ND
San Diego (APP) Padres batting - Pitching for Washington (APP) Nationals : RHP Gary Simmons
Batting: LHB Carlos Cuellar 0-0: Ball
1-0: Swinging Strike
1-1: Called Strike
1-2: Foul Ball, location: 2F
1-2: Ball
2-2: Ball
3-2: Base on Balls
Batting: LHB Hugo MacBeth 0-0: Called Strike
0-1: Foul Ball, location: 2F
0-2: Fly out, F7 (Line Drive, 7, EV 95.6 MPH)
Batting: RHB Aaron Joseph 0-0: Swinging Strike
0-1: Called Strike
0-2: Ball
1-2: Foul Ball, location: 2F
1-2: Ball
2-2: Foul Ball, location: 2F
2-2: TRIPLE (Line Drive, 9LD, EV 101.9 MPH)
Carlos Cuellar scores
Batting: LHB Rogelio Nunez 0-0: Ball
1-0: Ball
2-0: Ball
3-0: Called Strike
3-1: Called Strike
3-2: Ground out U3 (Groundball, 34, EV 81.3 MPH)
Aaron Joseph scores
Batting: RHB Tyler West 0-0: Called Strike
0-1: Ball
1-1: Ball
2-1: Swinging Strike
2-2: Foul Ball, location: 2F
2-2: Ball
3-2: Foul Ball, location: 2F
3-2: Foul Ball, location: 2F
3-2: Base on Balls
Batting: RHB Max Stillo 0-0: Called Strike
Tyler West steals 2nd base
0-1: Foul Ball, location: 2F
0-2: Foul Ball, location: 2F
0-2: Foul Ball, location: 2F
0-2: Foul Ball, location: 2F
0-2: Strikes out swinging
Bottom of the 2nd over - 2 runs, 1 hit, 0 errors, 1 left on base; Washington (APP) 1 - San Diego (APP) 2
TOP OF THE 3RD
Washington (APP) Nationals batting - Pitching for San Diego (APP) Padres : LHP Ryan Tatum
Batting: RHB Jim Miske 0-0: Called Strike
0-1: Swinging Strike
0-2: Ball
1-2: Foul Ball, location: 2F
1-2: Foul Ball, location: 2F
1-2: Strikes out looking
Batting: RHB Naofumi Ishida 0-0: Foul Ball, location: 2F
0-1: Fly out, F7 (Flyball, 78M, EV 87.5 MPH)
Batting: RHB Jon Buscher 0-0: Called Strike
0-1: Ball
1-1: Foul Ball, location: 2F
1-2: Foul Ball, location: 2F
1-2: Strikes out looking
Top of the 3rd over - 0 runs, 0 hits, 0 errors, 0 left on base; Washington (APP) 1 - San Diego (APP) 2
BOTTOM OF THE 3RD
San Diego (APP) Padres batting - Pitching for Washington (APP) Nationals : RHP Gary Simmons
Batting: SHB Yutaro Takahashi 0-0: Foul Ball, location: 2F
0-1: Foul Ball, location: 2F
0-2: Strikes out swinging
Batting: RHB Freddie Brown 0-0: Ball
1-0: Ground out 6-3 (Groundball, 6S, EV 90.0 MPH)
Batting: RHB Antonio Lara 0-0: Called Strike
0-1: Swinging Strike
0-2: Ball
1-2: Ball
2-2: Ball
3-2: Base on Balls
Batting: LHB Carlos Cuellar 0-0: Ball
1-0: Ball
Antonio Lara steals 2nd base
2-0: Ball
3-0: Called Strike
3-1: Called Strike
3-2: Ground out 4-3 (Groundball, 4, EV 81.3 MPH)
Bottom of the 3rd over - 0 runs, 0 hits, 0 errors, 1 left on base; Washington (APP) 1 - San Diego (APP) 2
TOP OF THE 4TH
Washington (APP) Nationals batting - Pitching for San Diego (APP) Padres : LHP Ryan Tatum
Batting: RHB Steve Bauman 0-0: Ball
1-0: Ground out U3 (Groundball, 34S, EV 83.8 MPH)
Batting: RHB Jesus Malave 0-0: Foul Ball, location: 2F
0-1: Ball
1-1: Ground out 5-3 (Groundball, 56S, EV 70.0 MPH)
Batting: RHB Nick Moreno 0-0: Ground out 6-3 (Groundball, 6, EV 80.6 MPH)
Top of the 4th over - 0 runs, 0 hits, 0 errors, 0 left on base; Washington (APP) 1 - San Diego (APP) 2
BOTTOM OF THE 4TH
San Diego (APP) Padres batting - Pitching for Washington (APP) Nationals : RHP Gary Simmons
Batting: LHB Hugo MacBeth 0-0: Called Strike
0-1: Foul Ball, location: 2F
0-2: Ball
1-2: Ball
2-2: Fly out, F8 (Line Drive, 8LM, EV 100.6 MPH)
Batting: RHB Aaron Joseph 0-0: Called Strike
0-1: Swinging Strike
0-2: Ball
1-2: Strikes out swinging
Batting: LHB Rogelio Nunez 0-0: Foul Ball, location: 2F
0-1: Ball
1-1: Ball
2-1: Foul Ball, location: 2F
2-2: Strikes out swinging
Bottom of the 4th over - 0 runs, 0 hits, 0 errors, 0 left on base; Washington (APP) 1 - San Diego (APP) 2
TOP OF THE 5TH
Washington (APP) Nationals batting - Pitching for San Diego (APP) Padres : LHP Ryan Tatum
Batting: RHB Gabe Almazan 0-0: Swinging Strike
0-1: Ball
1-1: Ball
2-1: Called Strike
2-2: Strikes out looking
Batting: RHB Alex Blanco 0-0: Called Strike
0-1: Ball
1-1: DOUBLE (Flyball, 8RXD, EV 110.0 MPH)
Batting: RHB Brian Walker 0-0: 2-RUN HOME RUN (Flyball, 7LD, EV 96.3 MPH), Distance : 351 ft
Batting: RHB Jim Miske 0-0: Ball
1-0: Foul Ball, location: 2F
1-1: Ball
2-1: Ball
3-1: Ground out 5-3 (Groundball, 5S, EV 65.6 MPH)
Batting: RHB Naofumi Ishida 0-0: Ball
1-0: Ball
2-0: Hit by Pitch
Batting: RHB Jon Buscher 0-0: Foul Ball, location: 2F
0-1: Ball
1-1: Foul Ball, location: 2F
1-2: Ball
2-2: Foul Ball, location: 2F
2-2: Ball
Naofumi Ishida is caught stealing 2nd base 2-4
Top of the 5th over - 2 runs, 2 hits, 0 errors, 0 left on base; Washington (APP) 3 - San Diego (APP) 2
BOTTOM OF THE 5TH
San Diego (APP) Padres batting - Pitching for Washington (APP) Nationals : RHP Gary Simmons
Batting: RHB Tyler West 0-0: Fly out, F8 (Flyball, 8RD, EV 101.9 MPH)
Batting: RHB Max Stillo 0-0: Ball
1-0: Foul Ball, location: 2F
1-1: Ball
2-1: Ball
3-1: SINGLE (Line Drive, 8LS, EV 91.9 MPH)
Batting: SHB Yutaro Takahashi 0-0: Ball
1-0: Ball
2-0: Ball
3-0: Base on Balls
Max Stillo to second
Batting: RHB Freddie Brown 0-0: Ball
1-0: Ball
2-0: Ball
3-0: Called Strike
3-1: Called Strike
3-2: Strikes out swinging
Pitching: RHP Halewijn Bos
Batting: RHB Antonio Lara 0-0: Ball
1-0: Ball
2-0: Ball
3-0: Base on Balls
Max Stillo to third
Yutaro Takahashi to second
Batting: LHB Carlos Cuellar 0-0: Fielders Choice at 2nd, 5-4 (Groundball, 56, EV 100.6 MPH)
Bottom of the 5th over - 0 runs, 1 hit, 0 errors, 3 left on base; Washington (APP) 3 - San Diego (APP) 2
TOP OF THE 6TH
Washington (APP) Nationals batting - Pitching for San Diego (APP) Padres : LHP Ryan Tatum
Pitching: RHP Nick Goodlow
Batting: RHB Jon Buscher 0-0: Called Strike
0-1: Foul Ball, location: 2F
0-2: Strikes out swinging
Batting: RHB Steve Bauman 0-0: Foul Ball, location: 2F
0-1: Called Strike
0-2: Strikes out swinging
Batting: RHB Jesus Malave 0-0: Ball
1-0: Ball
2-0: Ball
3-0: Called Strike
3-1: Foul Ball, location: 2F
3-2: Ground out 4-3 (Groundball, 34, EV 106.9 MPH)
Top of the 6th over - 0 runs, 0 hits, 0 errors, 0 left on base; Washington (APP) 3 - San Diego (APP) 2
BOTTOM OF THE 6TH
San Diego (APP) Padres batting - Pitching for Washington (APP) Nationals : RHP Halewijn Bos
Batting: LHB Hugo MacBeth 0-0: Fly out, F7 (Flyball, 78D, EV 107.5 MPH)
Batting: RHB Aaron Joseph 0-0: Ball
1-0: Foul Ball, location: 2F
1-1: Swinging Strike
1-2: Ball
2-2: Ball
3-2: Fly out, F8 (Flyball, 8LD, EV 81.3 MPH)
Batting: LHB Rogelio Nunez 0-0: Swinging Strike
0-1: Ball
1-1: Ball
2-1: Foul Ball, location: 2F
2-2: Ball
3-2: Strikes out swinging
Bottom of the 6th over - 0 runs, 0 hits, 0 errors, 0 left on base; Washington (APP) 3 - San Diego (APP) 2
TOP OF THE 7TH
Washington (APP) Nationals batting - Pitching for San Diego (APP) Padres : RHP Nick Goodlow
Batting: RHB Nick Moreno 0-0: Ball
1-0: Ball
2-0: Ball
3-0: Called Strike
3-1: Foul Ball, location: 2F
3-2: Foul Ball, location: 2F
3-2: Strikes out swinging
Batting: RHB Gabe Almazan 0-0: Ball
1-0: Foul Ball, location: 2F
1-1: Ball
2-1: Foul Ball, location: 2F
2-2: Ball
3-2: SINGLE (Groundball, 6D, EV 94.4 MPH)
Pinch Hitting: LHB Nate Melendez 0-0: Foul Ball, location: 2F
0-1: Foul Ball, location: 2F
0-2: Ball
1-2: SINGLE (Groundball, 3D, EV 95.0 MPH)
Gabe Almazan to second
Runner from 2nd tries for 3rd, SAFE, throw by RF made to third
Nate Melendez to second
Batting: RHB Brian Walker 0-0: Foul Ball, location: 2F
0-1: Swinging Strike
0-2: Strikes out looking
Batting: RHB Jim Miske 0-0: Ball
1-0: Foul Ball, location: 2F
1-1: Ball
2-1: Ball
3-1: Called Strike
3-2: Base on Balls
Batting: RHB Naofumi Ishida 0-0: Fly out, F8 (Flyball, 8LM, EV 91.9 MPH)
Top of the 7th over - 0 runs, 2 hits, 0 errors, 3 left on base; Washington (APP) 3 - San Diego (APP) 2
BOTTOM OF THE 7TH
San Diego (APP) Padres batting - Pitching for Washington (APP) Nationals : RHP Halewijn Bos
Pitching: RHP Chris Bonham
Now at 1B: Alex Salerno
Pinch Hitting: LHB Phil Lerner 0-0: Called Strike
0-1: Called Strike
0-2: Ball
1-2: Foul Ball, location: 2F
1-2: Ball
2-2: Foul Ball, location: 2F
2-2: Ground out 4-3 (Groundball, 34S, EV 81.9 MPH)
Batting: RHB Max Stillo 0-0: Swinging Strike
0-1: Swinging Strike
0-2: Ball
1-2: Ball
2-2: Ball
3-2: Foul Ball, location: 2F
3-2: Foul Ball, location: 2F
3-2: Fly out, F8 (Flyball, 8LXD, EV 90.0 MPH)
Batting: SHB Yutaro Takahashi 0-0: Foul Ball, location: 2F
0-1: Ball
1-1: Ball
2-1: Called Strike
2-2: Ball
3-2: DOUBLE (Flyball, 8LXD, EV 93.1 MPH)
Pitching: RHP Brent Wainwright
Batting: RHB Freddie Brown 0-0: Foul Ball, location: 2F
0-1: Foul Ball, location: 2F
Balk!
Yutaro Takahashi to third
0-2: Foul Ball, location: 2F
0-2: Ball
1-2: Fly out, F9 (Flyball, 9S, EV 78.1 MPH)
Bottom of the 7th over - 0 runs, 1 hit, 0 errors, 1 left on base; Washington (APP) 3 - San Diego (APP) 2
TOP OF THE 8TH
Washington (APP) Nationals batting - Pitching for San Diego (APP) Padres : RHP Nick Goodlow
Pitching: RHP Roger Brennan
Now at 2B: Brent Little
Batting: RHB Jon Buscher 0-0: Called Strike
0-1: Ball
1-1: SINGLE (Line Drive, 34, EV 96.9 MPH)
Batting: RHB Steve Bauman 0-0: 2-RUN HOME RUN (Flyball, 78XD, EV 108.1 MPH), Distance : 430 ft
Batting: RHB Jesus Malave 0-0: Ball
1-0: Foul Ball, location: 2F
1-1: SINGLE (Flyball, 6D, EV 92.5 MPH)
Batting: RHB Nick Moreno 0-0: Ball
1-0: Ball
2-0: Ball
3-0: Called Strike
3-1: Called Strike
3-2: Fly out, F3 (Popup, 34S, EV 83.1 MPH)
Batting: RHB Gabe Almazan 0-0: Swinging Strike
0-1: Called Strike
Jesus Malave steals 2nd base
0-2: Strikes out swinging
Batting: RHB Alex Salerno 0-0: Called Strike
0-1: Foul Ball, location: 2F
0-2: SINGLE (Groundball, 34D, EV 102.5 MPH)
Jesus Malave to third
Runner from 3rd tries for Home, SAFE, throw by RF to home
Alex Salerno to second
Pitching: RHP Brian McDaniel
Batting: RHB Brian Walker 0-0: Ball
1-0: Called Strike
1-1: Swinging Strike
1-2: Ball
2-2: Strikes out looking
Top of the 8th over - 3 runs, 4 hits, 0 errors, 1 left on base; Washington (APP) 6 - San Diego (APP) 2
BOTTOM OF THE 8TH
San Diego (APP) Padres batting - Pitching for Washington (APP) Nationals : RHP Brent Wainwright
Batting: RHB Antonio Lara 0-0: Called Strike
0-1: Ball
1-1: Ball
2-1: Called Strike
2-2: Strikes out looking
Batting: LHB Carlos Cuellar 0-0: Ball
1-0: Called Strike
1-1: Ground out 4-3 (Groundball, 4, EV 90.0 MPH)
Batting: LHB Hugo MacBeth 0-0: Called Strike
0-1: Ball
1-1: Foul Ball, location: 2F
1-2: Ball
2-2: Foul Ball, location: 2F
2-2: Strikes out swinging
Bottom of the 8th over - 0 runs, 0 hits, 0 errors, 0 left on base; Washington (APP) 6 - San Diego (APP) 2
TOP OF THE 9TH
Washington (APP) Nationals batting - Pitching for San Diego (APP) Padres : RHP Brian McDaniel
Batting: RHB Jim Miske 0-0: Ball
1-0: Ground out 6-3 (Groundball, 6D, EV 96.3 MPH)
Batting: RHB Naofumi Ishida 0-0: Ground out 5-3 (Groundball, 56S, EV 61.9 MPH)
Batting: RHB Jon Buscher 0-0: Called Strike
0-1: Foul Ball, location: 2F
0-2: Foul Ball, location: 2F
0-2: Strikes out swinging
Top of the 9th over - 0 runs, 0 hits, 0 errors, 0 left on base; Washington (APP) 6 - San Diego (APP) 2
BOTTOM OF THE 9TH
San Diego (APP) Padres batting - Pitching for Washington (APP) Nationals : RHP Brent Wainwright
Pitching: RHP Brian Walker
Batting: RHB Aaron Joseph 0-0: Called Strike
0-1: Foul Ball, location: 2F
0-2: Ball
1-2: Ball
2-2: Foul Ball, location: 2F
2-2: Strikes out swinging
Batting: LHB Rogelio Nunez 0-0: Foul Ball, location: 2F
0-1: Ball
1-1: DOUBLE (Groundball, 3L, EV 94.4 MPH)
Batting: RHB Brent Little 0-0: Foul Ball, location: 2F
0-1: Called Strike
0-2: Foul Ball, location: 2F
0-2: Ground out 4-3 (Groundball, 4M, EV 88.8 MPH)
Rogelio Nunez to third
Batting: RHB Max Stillo 0-0: Ball
1-0: Ball
2-0: Ball
3-0: Called Strike
3-1: Base on Balls
Pitching: LHP Mike Bigos
Batting: SHB Yutaro Takahashi 0-0: Ball
1-0: Ball
2-0: Ball
3-0: Called Strike
3-1: Fly out, F7 (Flyball, 78S, EV 96.3 MPH)
Bottom of the 9th over - 0 runs, 1 hit, 0 errors, 2 left on base; Washington (APP) 6 - San Diego (APP) 2
Thursday, March 31st , 2022 - OOTP Baseball 22.12 Build 89